FIQ, neutral male scurrid Tourist ----- ------------ ............- -...r.F.......................- .......ai.....Z..P...............-- .................QQQ...Z................-- .e......................Q.Q.Q..................-- o?..................<........................F........-- -...o.oo............f.........?.......%P....................- -...o..oo...................Q.........................[.......- -.....o...id.................[............%........d............- -....j...o....d............)....u...................d..........)..- -.........F...................---------.................%.e.........- -.........?........ ----------- ------------..d.du.........!t..- `..{... ----------- ------------....{.... .... .......| ----- -------- FIQ the Rambler Experience level: 1 Strength: 12 Dexterity: 11 Constitution: 12 Intelligence: 16 Wisdom: 9 Charisma: 15 Health: 0(9) Energy: 2(2) Def: 0 Gold: 642 Moves: 35 Dungeon seed: XWldjRm-C9jxv9BO Game ID: FIQ_1498603312 Your Inventory: Coins $ - 642 gold pieces Weapons a - 50 uncursed +2 darts (in quiver) Armor e - an uncursed +0 Hawaiian shirt (being worn) Comestibles b - 4 uncursed food rations c - an uncursed tin of kobold meat d - 2 uncursed chestnuts f - an uncursed egg g - an uncursed tin of lichen h - an uncursed eucalyptus leaf Scrolls j - 3 uncursed scrolls of magic mapping k - a blessed scroll of magic mapping Potions i - 2 uncursed potions of extra healing p - an uncursed potion of see invisible Wands n - an uncursed wand of secret door detection (0:13) Tools l - an uncursed expensive camera (0:96) m - an uncursed credit card o - an uncursed tin opener Spells and supernatural/magical abilities: Name Level Category Fail Memory W - pray for help -- divine ? -- Your skills at the end: Miscellaneous Skills wands [Basic] Weapon Skills dart [Basic] Spellcasting Skills Final Attributes: You were devoutly aligned. You had infravision. You were very stealthy. You are dead. Voluntary challenges: You went without food. You did not adorn yourself with jewelry or accessories. You did not cause conflict. You were not invisible. You did not have reflection. You were not displaced. You were an atheist. You never hit with a wielded weapon. You were a pacifist. You did not use tools. You did not use plumbed fixtures. You did not drink any magical draughts. You were illiterate. You never genocided any monsters. You never polymorphed an object. You never changed form. You used no wishes. You never split a pudding. You never wrote Elbereth's name. You never violated your personal moral code. Dungeon overview: The Dungeons of Doom: levels 1 to 15 Level 1 a long staircase Level 2 Level 3 Level 4 a general store Level 5 Level 6 Level 7 Level 8 a potion shop Level 9 Level 10 Level 11 Level 12 Level 13 Level 14 Level 15 <- You were here some fountains History has recorded: On T:1 you entered the Dungeons of Doom to retrieve the Amulet of Yendor! On T:4 you reached level 2 of The Dungeons of Doom. On T:7 you reached level 3 of The Dungeons of Doom. On T:9 you reached level 4 of The Dungeons of Doom. On T:11 you reached level 5 of The Dungeons of Doom. On T:13 you reached level 6 of The Dungeons of Doom. On T:16 you reached level 7 of The Dungeons of Doom. On T:18 you reached level 8 of The Dungeons of Doom. On T:22 you reached level 10 of The Dungeons of Doom. On T:26 you reached level 11 of The Dungeons of Doom. On T:33 you reached level 14 of The Dungeons of Doom. On T:35 you reached level 15 of The Dungeons of Doom. Score breakdown: Gold: 0 ( 0 points) Experience: 1 level ( 0 points) Exploration: 15 levels ( 420 points) Discoveries: 2 items ( 100 points) Variety of kills: 0 monsters ( 0 points) Major goal: (nothing yet) ( 0 points) Survival: died (score multiplied by 3) Total score: 1560 Latest messages: You dig a hole through the floor. You fall through... The adjacent object falls through the hole. You receive a faint telepathic message from Twoflower: Your help is urgently needed at Ankh-Morpork! Look for a ...ic transporter. You couldn't quite make out that last message. You see here a single-edged polearm. You start digging downward. You continue digging downward. You dig a pit in the floor. You continue digging downward. You dig a hole through the floor. You fall through... You start digging downward. You continue digging downward. You dig a pit in the floor. You continue digging downward. You dig a hole through the floor. You fall through... The Woodland-elf drinks a fizzy potion! The Woodland-elf is suddenly moving faster. The Woodland-elf wields a runed bow! The soldier ant bites! The soldier ant stings! The soldier ant bites! You die... Final status: Aloha FIQ the Tourist, killed by a soldier ant... You died in The Dungeons of Doom on dungeon level 15 with 1560 points, and 642 pieces of gold, after 35 moves. You were level 1 with a maximum of 9 hit points when you died.